 Dungeon Crawl Stone Soup version 0.22.0-27-ga576289601 (webtiles) character file.

155 Elric the Grave Robber (level 5, 0/38 HPs)
             Began as a Demonspawn Necromancer on Aug 22, 2018.
             Was an Initiate of Yredelemnul.
             Killed by divine providence
             ... invoked by an orc priest
              (14 damage)
             ... on level 2 of the Dungeon.
             The game lasted 00:06:35 (3107 turns).

Elric the Grave Robber (Demonspawn Necromancer)     Turns: 3107, Time: 00:06:37

Health: 0/38       AC:  5    Str: 10    XL:     5   Next: 14%
Magic:  18/18      EV: 12    Int: 16    God:    Yredelemnul [......]
Gold:   120        SH:  0    Dex: 13    Spells: 1/9 levels left

rFire    . . .     SeeInvis .   g - +1 dagger
rCold    . . .     Gourm    .   (no shield)
rNeg     . . .     Faith    .   a - +0 robe
rPois    .         Spirit   .   (helmet restricted)
rElec    .         Reflect  .   (no cloak)
rCorr    .         Harm     .   n - +0 pair of gloves
MR       .....                  (no boots)
Stlth    ++........             (no amulet)
HPRegen  0.12/turn              h - ring of magical power
MPRegen  0.16/turn              (no ring)

@: no status effects
A: antennae 1, icy blue scales 1
a: Renounce Religion


You were on level 2 of the Dungeon.
You worshipped Yredelemnul.
Yredelemnul was noncommittal.
You were very hungry.

You visited 1 branch of the dungeon, and saw 3 of its levels.

You collected 120 gold pieces.

Inventory:

Hand Weapons
 b - a +0 short sword
 g - a +1 dagger (weapon)
Armour
 a - a +0 robe (worn)
 n - a +0 pair of gloves (worn)
Jewellery
 h - a ring of magical power (left hand)
Wands
 m - a wand of paralysis (16)
Scrolls
 d - a scroll of identify
 f - a scroll of remove curse
 j - 3 scrolls of fog {unknown}
 l - 2 scrolls of teleportation {unknown}
 p - a scroll of immolation
 q - a scroll of enchant armour {unknown}
 u - a scroll of fear {unknown}
 v - a scroll of random uselessness {unknown}
Potions
 e - 2 potions of curing
 k - a potion of lignification {unknown}
 o - a potion of mutation {unknown}
 r - 2 potions of cancellation {unknown}
 s - a potion of degeneration {unknown}
 t - a potion of flight {unknown}
Comestibles
 c - 2 rations


   Skills:
 + Level 2.0 Fighting
 - Level 1.7 Dodging
 - Level 2.6 Stealth
 + Level 2.9 Spellcasting
 * Level 5.5 Necromancy


You had one spell level left.
You knew the following spells:

 Your Spells              Type           Power        Failure   Level  Hunger
a - Pain                  Necr           ###.         1%          1    #......
b - Animate Skeleton      Necr           N/A          1%          1    #......
c - Vampiric Draining     Necr           ###.......   6%          3    ###....
d - Regeneration          Chrm/Necr      ##........   19%         3    ###....

Your spell library contained the following spells:

 Spells                   Type           Power        Failure   Level  Hunger
 Animate Dead             Necr           N/A          19%         4    #####..


Dungeon Overview and Level Annotations

Branches:
Dungeon (3/15)

Altars:
Yredelemnul


Innate Abilities, Weirdness & Mutations

You have a pair of small antennae on your head.
You are partially covered in icy blue scales. (AC +2)


Message History

The orc hits you.
As you read the scroll labeled ROLETZO ZOSE, it crumbles to dust.
You feel blessed for a moment.
It was a scroll of remove curse.
The orc barely misses you. The orc closely misses you.
The orc priest mumbles some strange prayers to Beogh against you.
You barely resist. The orc hits you but does no damage.
Unknown command.
As you read the scroll labeled FIMMUKHL ISKION, it crumbles to dust.
It is a scroll of enchant weapon.
Your +0 dagger glows red for a moment.
The orc priest mumbles some strange prayers to Beogh against you.
Beogh smites you! The orc hits you with a flail! The orc barely misses you.
The orc completely misses you.
As you read the scroll labeled LINLEOR NOHA, it crumbles to dust.
The creatures around you are filled with an inner flame!
It was a scroll of immolation.
The orc priest invokes the aid of Beogh against you.
Beogh smites you!
You die...
Your body rises from the dead as a mindless zombie.

##################
.................#
#####.####(#####.#########
..##...###.....ooo.......#
#.#.#.#.##.#####@#######.#
...##.##.#.# #o# #.#
....)....w[# #.# #.#
...##.##.#.# #.# #.#
#.#.#.#.##.## #.# #.##
#.##...###).####.# #..#
#.###.......(....# ##.#
#.# #######w###### #.# #.#
#####.##### #.#


You could see an orc priest (inner flame) and 3 orcs.

Vanquished Creatures
  An orc priest (D:2)
  3 gnolls (D:2)
  5 adders (D:2)
  A worm (D:2)
  2 leopard geckos
  3 orcs (D:2)
  A ball python (D:1)
  4 bats
  5 giant cockroaches
  6 goblins
  5 hobgoblins
  3 jackals (D:2)
  2 frilled lizards
  2 kobolds (D:1)
  2 rats
45 creatures vanquished.

Notes
Turn   | Place    | Note
-------+----------+-------------------------------------------
     0 | D:1      | Elric the Demonspawn Necromancer began the quest for the Orb.
     0 | D:1      | Reached XP level 1. HP: 13/13 MP: 3/3
   596 | D:1      | Gained mutation: You have a pair of small antennae on your head. [demonic ancestry]
   596 | D:1      | Reached XP level 2. HP: 19/20 MP: 5/5
   743 | D:1      | Reached skill level 1 in Fighting
  1065 | D:2      | Reached XP level 3. HP: 21/26 MP: 6/6
  1203 | D:2      | HP: 1/26 [jackal (3)]
  1735 | D:2      | Reached skill level 5 in Necromancy
  1775 | D:2      | Reached XP level 4. HP: 16/32 MP: 7/7
  2361 | D:2      | Learned a level 1 spell: Animate Skeleton
  2365 | D:2      | Learned a level 3 spell: Vampiric Draining
  2369 | D:2      | Learned a level 3 spell: Regeneration
  2528 | D:2      | Found a basalt altar of Yredelemnul.
  2534 | D:2      | Became a worshipper of Yredelemnul the Dark
  2571 | D:2      | Gained mutation: You are partially covered in icy blue scales. (AC +2) [demonic ancestry]
  2571 | D:2      | Reached XP level 5. HP: 19/38 MP: 9/9
  3107 | D:2      | Killed from afar by an orc priest

Skill      XL: |  1  2  3  4 |
---------------+-------------+-----
Fighting       | 1 2 |  2.0
Stealth        | 2 |  2.6
Necromancy     | 5 |  5.5
Dodging        | |  1.7
Spellcasting   | |  2.9

Action                   |  1- 3 |  4- 6 || total
-------------------------+-------+-------++-------
Melee: Short sword       |    22 |       ||    22
       Dagger            |     5 |       ||     5
 Cast: Pain              |    49 |    52 ||   101
       Animate Skeleton  |       |     1 ||     1
  Use: Scroll            |       |     4 ||     4
 Stab: Sleeping          |     1 |       ||     1
  Eat: Chunk             |     3 |     3 ||     6
Armor: Robe              |     8 |     6 ||    14
Dodge: Dodged            |    35 |    17 ||    52
